 Dungeon Crawl Stone Soup version 0.20.1-1-g8b1a95d (webtiles) character file.

1558 vishdafish the Poker (level 8, -2/63 HPs)
             Began as a Demonspawn Fighter on July 14, 2017.
             Slain by a troll (14 damage)
             ... on level 7 of the Dungeon.
             The game lasted 00:11:23 (6313 turns).

vishdafish the Poker (Demonspawn Fighter)           Turns: 6313, Time: 00:11:24

Health: -2/63      AC: 12    Str: 18    XL:     8   Next: 58%
Magic:  8/8        EV:  8    Int: 11    God:
Gold:   227        SH:  9    Dex: 12    Spells: 7/7 levels left

rFire    + . .     SeeInvis .   a - +0 trident
rCold    . . .     Gourm    .   c - +0 shield
rNeg     . . .     Faith    .   p - +2 scale mail {rF+}
rPois    .         Spirit   .   (helmet restricted)
rElec    .         Reflect  .   (no cloak)
rCorr    .         Harm     .   (no gloves)
MR       .....                  s - +0 pair of boots (curse)
Stlth    +.........             (no amulet)
Regen    0.2/turn               e - +1 ring of evasion
MPRegen  0.2/turn               q - ring of stealth

@: about to teleport, drained
A: horns 2, yellow scales 1, demonic guardian 1, powered by death 1
a: no special abilities


You were on level 7 of the Dungeon.
You were not hungry.

You visited 2 branches of the dungeon, and saw 8 of its levels.

You collected 268 gold pieces.
You spent 41 gold pieces at shops.

Inventory:

Hand Weapons
 a - a +0 trident (weapon)
Armour
 c - a +0 shield (worn)
 p - a +2 scale mail of fire resistance (worn)
 s - a cursed +0 pair of boots (worn)
Jewellery
 e - a +1 ring of evasion (left hand)
 l - an uncursed ring of fire
 q - a ring of stealth (right hand)
Wands
 o - a wand of acid (0/15)
 u - a wand of digging (11/24)
Scrolls
 g - 2 scrolls of magic mapping
 h - 3 scrolls of teleportation
 k - 2 scrolls of enchant armour {unknown}
 m - 2 scrolls of noise {unknown}
 r - a scroll of recharging {unknown}
 w - a scroll of identify
Potions
 b - a potion of mutation
 d - a potion of might
 j - a potion of invisibility
 t - a potion of heal wounds {unknown}
 v - a potion of curing
 x - a potion of haste {unknown}
Comestibles
 f - a bread ration
 i - 9 fruits
 n - a meat ration


   Skills:
 + Level 5.5(4.6) Fighting
 * Level 6.2(5.2) Polearms
 + Level 5.0(4.1) Armour
 - Level 1.0(0.2) Dodging
 - Level 0.2(0.0) Stealth
 + Level 5.3(4.4) Shields


You had 7 spell levels left.
You didn't know any spells.

Dungeon Overview and Level Annotations

Branches:
Dungeon (7/15)             Temple (1/1) D:4

Altars:
Ashenzari
Cheibriados
Dithmenos
Elyvilon
Fedhas
Gozag
Hepliaklqana
Kikubaaqudgha
Makhleb
Okawaru
Qazlal
Ru
Sif Muna
Trog
Uskayaw
Vehumet
Xom
Yredelemnul
Zin
The Shining One

Shops:
D:4 [**%?


Innate Abilities, Weirdness & Mutations

You have a pair of horns on your head.
You are partially covered in yellow scales. (AC +2)
A weak demonic guardian rushes to your aid.
You regenerate a little health from kills.


Message History

You are too injured to fight recklessly!
You are too injured to fight recklessly!
You are too injured to fight recklessly!
You are too injured to fight recklessly!
You are too injured to fight recklessly!
You are too injured to fight recklessly!
You are too injured to fight recklessly!
You are too injured to fight recklessly!
You are too injured to fight recklessly!
You are too injured to fight recklessly!
You are too injured to fight recklessly!
You are too injured to fight recklessly!
You are too injured to fight recklessly!
You are too injured to fight recklessly!
You are too injured to fight recklessly!
You are too injured to fight recklessly!
Your iron imp hits the troll.
The crimson imp blinks!
As you read the scroll of teleportation, it crumbles to dust.
You feel strangely unstable.
Your iron imp hits the troll!
The troll bites you!
You die...

......†#.############
.....................
.........#.....## ..#
.######........# ..#
.. +........# ..#
#...#....# ..#####
#..##....###.......
#...#....§.T5......
#.#.#.....@........
#.#.......5........
##...........####
#...........#
##.###......# #.
#......# # ####+###


You could see a troll, a crimson imp and a friendly iron imp.

Vanquished Creatures
  Edmund (D:4)
  A water moccasin (D:6)
  An ice beast (D:5)
  2 phantoms (D:4)
  A centaur (D:5)
  2 scorpions (D:4)
  3 wights (D:6)
  A crimson imp (D:6)
  A jelly (D:6)
  An orc priest (D:6)
  3 hounds
  An orc wizard (D:3)
  A worker ant (D:4)
  A killer bee zombie (D:6)
  2 hound skeletons
  A worker ant zombie (D:6)
  11 adders
  A river rat (D:5)
  A shadow imp (D:5)
  An ooze (D:5)
  An adder zombie (D:5)
  2 adder skeletons
  3 worms
  A dart slug (D:3)
  2 leopard geckos (D:1)
  19 orcs
  9 bats
  A bat zombie (D:3)
  6 giant cockroaches
  8 goblins
  9 hobgoblins
  8 jackals
  2 quokkas
  4 frilled lizards
  A jackal skeleton (D:4)
  5 kobolds
  11 rats
  A rat zombie (D:3)
130 creatures vanquished.

Vanquished Creatures (collateral kills)
  Grinder (D:3)
  A centaur (D:5)
  A bullfrog (D:5)
  An orc wizard (D:3)
  An orc (D:3)
5 creatures vanquished.

Grand Total: 135 creatures vanquished

Notes
Turn   | Place    | Note
-------+----------+-------------------------------------------
     0 | D:1      | vishdafish the Demonspawn Fighter began the quest for the Orb.
     0 | D:1      | Reached XP level 1. HP: 18/18 MP: 1/1
   141 | D:1      | Gained mutation: A weak demonic guardian rushes to your aid. [demonic ancestry]
   141 | D:1      | Reached XP level 2. HP: 24/24 MP: 2/2
   509 | D:1      | Gained mutation: You regenerate a little health from kills. [demonic ancestry]
   509 | D:1      | Reached XP level 3. HP: 29/29 MP: 3/3
   606 | D:1      | Found a shadowy altar of Dithmenos.
   608 | D:1      | Found a shimmering altar of Xom.
   608 | D:1      | Found a deep blue altar of Sif Muna.
   611 | D:1      | Found an iron altar of Okawaru.
   611 | D:1      | Found a hide-covered altar of Uskayaw.
   611 | D:1      | Found a basalt altar of Yredelemnul.
   808 | D:2      | Reached skill level 2 in Polearms
  1474 | D:2      | Gained mutation: You have a pair of small horns on your head. [demonic ancestry]
  1474 | D:2      | Reached XP level 4. HP: 35/35 MP: 4/4
  1574 | D:3      | Found a burning altar of Makhleb.
  1659 | D:3      | Found an ancient bone altar of Kikubaaqudgha.
  1729 | D:3      | Found a basalt altar of Yredelemnul.
  1730 | D:3      | Found a radiant altar of Vehumet.
  2097 | D:3      | Noticed Grinder
  2100 | D:3      | Reached skill level 3 in Polearms
  2100 | D:3      | Reached XP level 5. HP: 41/41 MP: 5/5
  2119 | D:3      | HP: 1/42 [Grinder/nerve-wracking pain (12)]
  2121 | D:3      | Killed Grinder
  2121 | D:3      | Reached skill level 1 in Dodging
  2121 | D:3      | Gained mutation: You have a pair of horns on your head. [demonic ancestry]
  2121 | D:3      | Reached XP level 6. HP: 2/48 MP: 6/6
  2807 | D:4      | Noticed Edmund
  2838 | D:4      | Killed Edmund
  2838 | D:4      | Reached skill level 4 in Polearms
  2917 | D:4      | Found a staircase to the Ecumenical Temple.
  2930 | Temple   | Entered the Ecumenical Temple
  3034 | D:4      | Found Gaonyd's Magic Scroll Boutique.
  3042 | D:4      | Bought a scroll of identify for 24 gold pieces
  3069 | D:4      | Reached XP level 7. HP: 45/54 MP: 7/7
  3092 | D:4      | Found Cilul's General Store.
  3130 | D:4      | Found Gadal's Assorted Antiques.
  3133 | D:4      | Found Rabbeoru's Antique Armour Emporium.
  3137 | D:4      | Bought a scroll labeled MIORANLUIR for 17 gold pieces
  3568 | D:4      | Found Asotyso's Food Shoppe.
  3719 | D:5      | Entered Level 5 of the Dungeon
  3812 | D:5      | Reached skill level 5 in Polearms
  3817 | D:5      | Found a bloodstained altar of Trog.
  4062 | D:5      | Reached skill level 5 in Shields
  4062 | D:5      | Gained mutation: You are partially covered in yellow scales. (AC +2) [demonic ancestry]
  4062 | D:5      | Reached XP level 8. HP: 48/61 MP: 8/8
  4530 | D:5      | Reached skill level 5 in Fighting
  5108 | D:6      | Found a blossoming altar of Fedhas.
  5108 | D:6      | Found a stormy altar of Qazlal.
  5945 | D:6      | Reached skill level 6 in Polearms
  6272 | D:6      | Reached skill level 5 in Armour
  6307 | D:7      | Noticed a troll
  6313 | D:7      | Slain by a troll

Skill      XL: |  1  2  3  4  5  6  7  8 |
---------------+-------------------------+-----
Shields        | 3 4 5 |  5.3
Armour         | 3 4 5 |  5.0
Polearms       | 2 3 4 5 6 |  6.2
Dodging        | 1 |  1.0
Fighting       | 4 5 |  5.5
Stealth        | |  0.2

Action                   |  1- 3 |  4- 6 |  7- 9 || total
-------------------------+-------+-------+-------++-------
Melee: Trident           |   152 |   125 |   335 ||   612
       Headbutt          |       |    21 |    42 ||    63
Evoke: Wand              |       |       |     1 ||     1
  Use: Scroll            |       |     4 |     1 ||     5
       Potion            |       |       |     1 ||     1
 Stab: Distracted        |     1 |       |     4 ||     5
  Eat: Chunk             |     2 |     3 |     1 ||     6
       Bread ration      |       |     1 |     1 ||     2
       Meat ration       |       |       |     1 ||     1
Armor: Scale mail        |    62 |    48 |   101 ||   211
Dodge: Dodged            |    33 |    29 |    86 ||   148
Block: Shield            |    49 |    45 |   133 ||   227
